Map: Hardwire LE

Players

Warthog - Winner!

  • Race: Terran Terran
  • League: Diamond
  • Spawn Location: 7:00

dragonfist

  • Race: Protoss Protoss
  • League: Diamond
  • Spawn Location: 1:00

VOD

Have the link to the VOD?

Description

Time

  • Played on: Nov. 23, 2021, 7:27 p.m.
  • Length: 21:48
Show
View Real Time Build Order
Export as new Build Order

Warthog Terran - Winner!

Build Orders:  

Get SALT Encoding   

  12  0:00  SCV  
  13  0:12  SCV  
  14  0:17  Supply Depot  
  14  0:25  SCV  
  15  0:38  SCV  
  15  0:40  Barracks  
  16  0:44  Refinery  
  16  0:50  SCV  
  17  1:03  SCV  
  17  1:16  SCV  
  18  1:30  Marine  
  18  1:31  Orbital Command  
  19  1:55  Barracks Reactor, Command Center  
  19  1:59  SCV  
  20  2:05  Supply Depot  
  20  2:12  SCV  
  21  2:17  Factory  
  21  2:24  SCV  
  21  2:26  Refinery  
  22  2:32  Marine x2  
  24  2:38  SCV  
  24  2:42  Bunker  
  25  2:50  SCV  
  25  3:02  SCV  
  25  3:03  Starport  
  25  3:04  Hellion  
  27  3:13  Orbital Command  
  27  3:14  Marine  
  27  3:18  SCV  
  28  3:30  SCV  
  29  3:38  Hellion, Marine x2  
  33  3:42  SCV x2  
  33  3:47  Medivac  
  37  3:54  Supply Depot, SCV  
  38  3:56  Marine  
  38  4:01  Hellion, Marine  
  43  4:02  SCV  
  43  4:06  SCV  
  44  4:14  Barracks  
  44  4:15  SCV  
  44  4:16  Barracks  
  45  4:26  SCV  
  45  4:27  SCV  
  45  4:28  Factory Tech Lab, Marine x2, Starport Tech Lab  
  49  4:34  Supply Depot  
  49  4:38  SCV  
  50  4:39  SCV  
  51  4:50  SCV  
  52  5:03  SCV x2  
  52  5:09  Barracks Tech Lab x2, Marine x2  
  52  5:10  Siege Tank  
  53  5:19  Command Center  
  54  5:21  SCV  
  54  5:22  Engineering Bay, SCV, Starport Reactor  
  54  5:23  Engineering Bay  
  55  5:30  Refinery  
  55  5:31  Refinery  
  55  5:33  SCV, Stimpack, Combat Shield  
  55  5:34  SCV  
  57  5:39  Marine  
  57  5:45  SCV  
  57  5:46  SCV  
  55  5:57  SCV  
  55  5:58  Terran Infantry Weapons Level 1  
  55  5:59  Medivac, Terran Infantry Armor Level 1  
  55  6:02  Barracks  
  58  6:05  SCV  
  58  6:07  Barracks  
  58  6:08  Missile Turret  
  59  6:11  Siege Tank  
  62  6:28  Marine x2  
  62  6:29  SCV x2, Medivac, Marauder  
  62  6:30  Viking  
  72  6:33  Supply Depot  
  72  6:36  Orbital Command  
  72  6:42  SCV  
  73  6:47  Marauder, Marine x2  
  73  6:50  Marine  
  73  6:53  SCV  
  78  6:54  SCV  
  78  6:59  Viking  
  81  7:04  Orbital Command  
  81  7:05  SCV  
  81  7:06  SCV  
  83  7:10  Barracks Reactor, Missile Turret  
  83  7:11  Concussive Shells, Siege Tank  
  86  7:16  Armory  
  86  7:17  SCV  
  86  7:20  Supply Depot  
  87  7:23  Supply Depot  
  87  7:25  SCV  
  88  7:35  Marauder, Marine  
  91  7:46  SCV x3  
  94  7:58  SCV x2  
  96  8:03  SCV, Missile Turret  
  96  8:04  Marauder, Marine x2  
  101  8:07  Supply Depot x2  
  101  8:10  SCV x2  
  103  8:12  Marine  
  103  8:13  Marauder, Marine  
  103  8:15  SCV  
  103  8:16  Terran Infantry Armor Level 2, Terran Infantry Weapons Level 2  
  108  8:22  SCV  
  109  8:29  SCV x2, Siege Tank  
  110  8:36  SCV  
  110  8:41  SCV x2  
  107  8:43  Refinery x2, Marauder  
  107  8:44  Supply Depot, Marauder, Marine x2  
  107  8:45  Supply Depot, Terran Vehicle Weapons Level 1  
  112  8:48  SCV  
  113  8:55  Viking x2  
  113  8:57  Marine  
  113  8:58  Marauder, Marine  
  113  9:01  Siege Tank  
  113  9:02  Marine  
  123  9:10  SCV x3  
  123  9:12  Factory x2  
  123  9:14  Marine  
  123  9:15  Marauder  
  129  9:18  Marine x2  
  129  9:19  Marauder, Marine  
  129  9:22  SCV  
  129  9:23  SCV  
  136  9:39  Viking x2, Missile Turret  
  139  9:52  Supply Depot  
  139  9:53  Supply Depot  
  139  9:55  Siege Tank  
  140  10:04  SCV  
  141  10:11  SCV  
  142  10:16  Supply Depot x2  
  142  10:22  Marauder, Marine x3  
  142  10:27  Siege Tank, Marine  
  142  10:28  Factory Tech Lab x2, Marauder  
  151  10:30  Medivac, Marauder  
  151  10:32  Command Center  
  154  10:40  Marine x3  
  157  10:44  Marauder  
  157  10:45  Barracks, Marine  
  157  10:47  Barracks  
  157  10:49  Barracks, Marauder  
  162  10:51  Viking, Siege Tank, Marine  
  168  10:57  Marine  
  168  11:00  Viking, Siege Tank  
  171  11:18  Supply Depot  
  171  11:19  Supply Depot  
  171  11:20  Terran Infantry Weapons Level 3, Terran Infantry Armor Level 3  
  171  11:21  Terran Vehicle Weapons Level 2  
  171  11:28  Missile Turret  
  166  11:43  Supply Depot  
  166  11:44  Marine x10  
  164  12:02  Marine x7  
  164  12:08  Marine x3  
  174  12:19  Marine  
  174  12:20  Marine x6  
  181  12:26  Marine x3  
  182  12:37  Marine  
  182  12:38  Marine x2  
  182  12:39  Missile Turret  
  187  12:44  Marauder, Planetary Fortress  
  187  12:45  Marine x5  
  187  12:46  Siege Tank  
  183  13:13  Siege Tank  
  183  13:14  Command Center, Medivac x2, Siege Tank  
  183  13:15  Missile Turret, Marauder, Marine x3  
  183  13:16  Command Center  
  185  14:12  Viking x2, Siege Tank  
  192  14:24  Missile Turret  
  192  14:35  Missile Turret  
  192  14:38  Missile Turret  
  194  14:45  Marine x2  
  194  14:46  Marauder x2, Marine x2  
  197  14:54  Siege Tank  
  199  15:36  Orbital Command  
  199  15:37  Planetary Fortress  
  192  15:55  Missile Turret  
  181  16:12  Marauder, Marine  
  184  16:18  Marine  
  184  16:19  Marauder  
  183  16:26  SCV x3  
  184  16:43  Marine  
  184  16:44  Marauder  
  184  16:46  Marauder, Marine x7  
  179  16:50  Siege Tank x2  
  167  17:00  Siege Tank  
  157  17:01  Marine  
  157  17:03  Marine  
  157  17:04  Marauder, Marine x5  
  157  17:05  Marauder  
  157  17:07  Marine  
  154  17:19  Marine  
  154  17:21  Marine  
  154  17:22  Siege Tank x2, Marine x5  
  163  17:25  Marauder, Marine  
  162  17:38  Marine  
  162  17:39  Medivac, Marauder, Marine x5, Siege Tank  
  162  17:40  Medivac  
  162  17:42  SCV x3  
  180  17:57  Command Center x2  
  180  18:00  Command Center  
  180  18:02  Command Center  
  180  18:06  Command Center  
  180  18:14  Command Center  
  180  18:16  Command Center  
Show
View Real Time Build Order
Export as new Build Order

dragonfist Protoss 

Build Orders: 1 Gate Expand, Phoenix Opening 

Get SALT Encoding   

  12  0:11  Pylon  
  12  0:13  Probe  
  13  0:29  Gateway  
  13  0:35  Assimilator  
  13  0:38  Probe (Chrono Boost)  
  14  0:48  Probe (Chrono Boost)  
  15  0:53  Probe (Chrono Boost)  
  16  1:05  Probe  
  17  1:17  Probe  
  18  1:21  Cybernetics Core  
  19  1:39  Nexus  
  18  1:46  Probe  
  19  1:55  Adept (Chrono Boost)  
  19  1:56  Assimilator  
  21  2:04  Pylon  
  21  2:15  Adept (Chrono Boost)  
  23  2:24  Probe  
  24  2:34  Stargate  
  24  2:39  Probe  
  24  2:42  Warp Gate  
  25  2:46  Adept  
  27  3:00  Probe  
  27  3:01  Probe  
  27  3:16  Probe x2  
  29  3:20  Phoenix (Chrono Boost)  
  31  3:28  Probe x2  
  33  3:40  Probe  
  32  3:43  Phoenix (Chrono Boost), Probe  
  35  3:52  Probe  
  35  3:53  Twilight Council  
  35  3:54  Gateway  
  36  3:58  Probe  
  37  4:04  Probe  
  37  4:06  Phoenix (Chrono Boost)  
  40  4:10  Probe  
  40  4:16  Probe  
  42  4:20  Assimilator  
  42  4:22  Probe, Pylon  
  43  4:24  Phoenix (Chrono Boost), Resonating Glaives (Chrono Boost)  
  43  4:28  Probe  
  43  4:31  Shield Battery  
  46  4:40  Probe  
  46  4:43  Pylon  
  46  4:44  Gateway  
  47  4:47  Probe  
  48  4:56  Stalker x2  
  45  5:12  Phoenix  
  45  5:13  Probe (Chrono Boost)  
  49  5:19  Probe (Chrono Boost)  
  49  5:22  Probe (Chrono Boost)  
  49  5:26  Probe (Chrono Boost)  
  51  5:28  Robotics Facility  
  51  5:31  Probe  
  51  5:32  Gateway  
  52  5:37  Probe  
  53  5:43  Probe  
  53  5:49  Probe  
  55  5:55  Probe  
  54  6:01  Probe  
  55  6:07  Probe  
  55  6:08  Pylon  
  55  6:11  Nexus  
  56  6:14  Probe  
  56  6:16  Warp Prism (Chrono Boost)  
  57  6:19  Probe  
  57  6:25  Assimilator  
  60  6:26  Probe  
  60  6:29  Adept  
  60  6:31  Probe  
  64  6:38  Probe  
  65  6:43  Probe  
  64  6:50  Probe  
  65  6:56  Probe  
  65  6:58  Adept x2  
  70  7:05  Pylon  
  70  7:07  Pylon  
  70  7:10  Pylon  
  70  7:12  Pylon  
  70  7:20  Immortal (Chrono Boost)  
  70  7:22  Probe x2  
  76  7:23  Pylon  
  76  7:24  Pylon  
  76  7:34  Robotics Bay  
  76  7:35  Robotics Facility  
  76  7:36  Adept x4  
  84  7:50  Probe x3  
  87  8:02  Gateway  
  87  8:05  Gateway  
  87  8:07  Gateway  
  87  8:09  Gateway  
  87  8:10  Adept x3  
  87  8:11  Adept  
  95  8:13  Shield Battery  
  93  8:28  Probe x3  
  86  8:43  Colossus (Chrono Boost)  
  86  8:44  Colossus (Chrono Boost)  
  86  8:45  Extended Thermal Lance (Chrono Boost)  
  96  8:52  Probe x3  
  96  8:54  Assimilator  
  99  8:58  Sentry x4, Assimilator  
  99  9:00  Pylon  
  107  9:04  Probe x2  
  109  9:20  Nexus, Dark Shrine, Probe x2  
  109  9:21  Gateway  
  109  9:23  Pylon  
  111  9:24  Zealot x3, Pylon  
  111  9:26  Assimilator  
  116  9:32  Charge (Chrono Boost)  
  116  9:34  Colossus (Chrono Boost)  
  116  9:37  Colossus (Chrono Boost)  
  124  9:58  Stalker x5  
  130  10:08  Probe x3  
  133  10:21  Nexus  
  133  10:23  Pylon  
  133  10:25  Probe x2  
  135  10:28  Forge  
  135  10:31  Pylon  
  135  10:33  Shadow Stride (Chrono Boost)  
  135  10:35  Probe  
  136  10:37  Probe  
  136  10:40  Pylon  
  136  10:42  Pylon  
  135  10:45  Pylon  
  135  10:46  Stalker x2  
  135  10:47  Sentry x6  
  135  10:48  Stalker  
  149  10:59  Probe x3  
  150  11:09  Stalker x2  
  150  11:10  Stalker x2  
  150  11:13  Zealot x3  
  150  11:14  Zealot x2  
  160  11:19  Probe x3  
  160  11:24  Shield Battery  
  163  11:26  Shield Battery  
  147  11:33  Stalker x3  
  147  11:34  Stalker  
  147  11:38  Probe  
  147  11:39  Probe x3  
  159  11:44  Shield Battery  
  157  11:51  Stalker  
  125  11:58  Stalker x2  
  125  11:59  Sentry, Stalker x2  
  125  12:00  Stalker  
  127  12:01  Dark Templar  
  127  12:02  Dark Templar  
  127  12:04  Probe x4  
  127  12:08  Assimilator  
  135  12:12  Disruptor, Assimilator  
  135  12:13  Disruptor  
  141  12:16  Probe  
  141  12:21  Probe x3  
  145  12:31  Dark Templar x3  
  145  12:32  Probe  
  145  12:33  Probe  
  145  12:34  Probe  
  152  12:38  Probe  
  152  12:39  Probe  
  152  12:40  Dark Templar  
  154  12:45  Probe  
  154  12:49  Dark Templar  
  149  12:51  Zealot  
  149  12:52  Zealot x3  
  145  13:09  Zealot x3  
  151  13:14  Pylon  
  151  13:16  Disruptor  
  151  13:17  Pylon  
  151  13:19  Zealot x3  
  157  13:20  Zealot x2  
  157  13:23  Protoss Ground Weapons Level 1 (Chrono Boost)  
  157  13:25  Pylon  
  157  13:26  Disruptor  
  163  13:41  Stalker x4  
  161  13:46  Stalker  
  161  13:47  Stalker x3  
  167  13:56  Zealot  
  132  14:10  Stalker x2  
  132  14:11  Stalker  
  132  14:12  Stalker x2  
  132  14:13  Stalker  
  132  14:15  Dark Templar x2  
  136  14:17  Disruptor, Zealot  
  137  14:24  Disruptor  
  143  14:35  Nexus  
  143  14:37  Pylon  
  143  14:42  Disruptor  
  143  14:48  Zealot  
  143  14:49  Zealot x6  
  143  14:50  Zealot x2  
  167  15:12  Dark Templar  
  167  15:13  Dark Templar x2  
  173  15:14  Dark Templar x2  
  173  15:15  Dark Templar  
  173  15:16  Disruptor  
  179  15:22  Dark Templar x2  
  170  15:37  Gateway  
  170  15:38  Gateway  
  162  15:43  Gateway  
  162  15:45  Dark Templar, Stargate  
  162  15:46  Dark Templar  
  162  15:47  Stargate  
  162  15:48  Dark Templar  
  160  15:58  Gateway  
  160  15:59  Gateway  
  160  16:02  Gateway  
  156  16:04  Gateway  
  156  16:09  Zealot x3  
  162  16:15  Probe x3  
  162  16:17  Assimilator  
  165  16:19  Assimilator  
  165  16:22  Dark Templar x3  
  167  16:30  Dark Templar  
  167  16:31  Dark Templar  
  165  16:44  Probe  
  165  16:45  Probe  
  153  16:47  Fleet Beacon  
  130  17:01  Zealot x2  
  130  17:02  Zealot x3  
  131  17:21  Dark Templar x4  
  131  17:22  Dark Templar  
  116  17:36  Zealot x3  
Tags
 
Add a new tag
Caveats
  • Supply blocks, unpowered buildings, or Contaminate may cause inaccurate times.
  • Supply counts are checked every 10 seconds.